TOP OF THE 1ST |
Richmond Flairs batting - Pitching for Amarillo Archdukes : RHP Robinson Alomar
|
Pitching: RHP Robinson Alomar
|
|
Batting: RHB Lonson Seals
|
0-0: Ball 1-0: Ball 2-0: Called Strike 2-1: Foul Ball, location: 2F 2-2: Ground out 4-3 (Groundball, 4)
|
Batting: RHB Jack Ray
|
0-0: Ball 1-0: Ball 2-0: Ball 3-0: Base on Balls
|
Batting: LHB Luis Villa
|
0-0: Ball 1-0: Swinging Strike 1-1: Foul Ball, location: 2F 1-2: Foul Ball, location: 2F 1-2: Ball 2-2: Foul Ball, location: 2F 2-2: Ball 3-2: Strikes out swinging
|
Batting: LHB Sean Nicks
|
0-0: Called Strike 0-1: Ball 1-1: Foul Ball, location: 2F 1-2: Ground out 4-3 (Groundball, 4)
|
Top of the 1st over - 0 runs, 0 hits, 0 errors, 1 left on base; Richmond 0 - Amarillo 0 |
BOTTOM OF THE 1ST |
Amarillo Archdukes batting - Pitching for Richmond Flairs : RHP Alfonso Rodríguez
|
Pitching: RHP Alfonso Rodríguez
|
|
Batting: LHB Earl Wigfall
|
0-0: Ball 1-0: Ball 2-0: SINGLE (Line Drive, 4D)
|
Batting: RHB Fernando Castellanos
|
0-0: Foul Ball, location: 2F 0-1: Ball 1-1: Ball 2-1: Ball 3-1: SINGLE (Groundball, 6MD) Earl Wigfall to second
|
Batting: LHB Brian Easdale
|
0-0: Ball 1-0: Ball 2-0: Ball 3-0: Base on Balls Earl Wigfall to third Fernando Castellanos to second
|
Batting: RHB Jesús Ramos
|
0-0: SINGLE (Flyball, 8LS) Earl Wigfall scores Fernando Castellanos to third Brian Easdale to second
|
Batting: LHB António Chávez
|
0-0: Ball 1-0: Ball 2-0: Ball 3-0: Base on Balls Fernando Castellanos scores Brian Easdale to third Jesús Ramos to second
|
Batting: SHB Jeff Chambers
|
0-0: Grounds into double play, 5-4-3 (Groundball, 56) Brian Easdale scores Jesús Ramos to third
|
Batting: RHB Eugenio Maldonado
|
0-0: Ball 1-0: Ball 2-0: Ball 3-0: Called Strike 3-1: Base on Balls
|
Batting: RHB Herb Bunch
|
0-0: Called Strike 0-1: Fly out, F2 (Popup, 2R)
|
Bottom of the 1st over - 3 runs, 3 hits, 0 errors, 2 left on base; Richmond 0 - Amarillo 3 |
TOP OF THE 2ND |
Richmond Flairs batting - Pitching for Amarillo Archdukes : RHP Robinson Alomar
|
Batting: LHB Roland Jones
|
0-0: Ball 1-0: Called Strike 1-1: Called Strike 1-2: Ball 2-2: Strikes out swinging
|
Batting: RHB Miguel Hernández
|
0-0: Called Strike 0-1: Ball 1-1: Foul Ball, location: 2F 1-2: Foul Ball, location: 2F 1-2: Ball 2-2: Foul Ball, location: 2F 2-2: Foul Ball, location: 2F 2-2: Foul Ball, location: 2F 2-2: Ball 3-2: Ground out 4-3 (Groundball, 4)
|
Batting: LHB R.J. Courtney
|
0-0: Ball 1-0: Foul Ball, location: 2F 1-1: Ball 2-1: Ground out U3 (Groundball, 3L)
|
Top of the 2nd over - 0 runs, 0 hits, 0 errors, 0 left on base; Richmond 0 - Amarillo 3 |
BOTTOM OF THE 2ND |
Amarillo Archdukes batting - Pitching for Richmond Flairs : RHP Alfonso Rodríguez
|
Batting: LHB Orlando Hernández
|
0-0: Foul Ball, location: 2F 0-1: Ball 1-1: Ball 2-1: Swinging Strike 2-2: Ball 3-2: Strikes out swinging
|
Batting: LHB Earl Wigfall
|
0-0: Swinging Strike 0-1: Foul Ball, location: 2F 0-2: Ball 1-2: Fly out, F8 (Flyball, 8LS)
|
Batting: RHB Fernando Castellanos
|
0-0: Called Strike 0-1: Foul Ball, location: 2F 0-2: Ball 1-2: Ball 2-2: Fly out, F7 (Flyball, 7D)
|
Bottom of the 2nd over - 0 runs, 0 hits, 0 errors, 0 left on base; Richmond 0 - Amarillo 3 |
TOP OF THE 3RD |
Richmond Flairs batting - Pitching for Amarillo Archdukes : RHP Robinson Alomar
|
Batting: RHB Christian Hudson
|
0-0: Ball 1-0: Called Strike 1-1: Ground out 5-3 (Groundball, 56S)
|
Batting: SHB Carlos Reyes
|
0-0: Called Strike 0-1: Ball 1-1: Foul Ball, location: 2F 1-2: Foul Ball, location: 2F 1-2: Strikes out swinging
|
Batting: RHB Lonson Seals
|
0-0: Ground out U3 (Groundball, 34)
|
Top of the 3rd over - 0 runs, 0 hits, 0 errors, 0 left on base; Richmond 0 - Amarillo 3 |
BOTTOM OF THE 3RD |
Amarillo Archdukes batting - Pitching for Richmond Flairs : RHP Alfonso Rodríguez
|
Batting: LHB Brian Easdale
|
0-0: Ball 1-0: Swinging Strike 1-1: Foul Ball, location: 2F 1-2: Ball 2-2: Ball 3-2: Foul Ball, location: 2F 3-2: Base on Balls
|
Batting: RHB Jesús Ramos
|
0-0: Called Strike 0-1: Ball 1-1: Ball Brian Easdale steals 2nd base 2-1: Swinging Strike 2-2: Foul Ball, location: 2F 2-2: TRIPLE (Flyball, 7D) Brian Easdale scores
|
Batting: LHB António Chávez
|
0-0: Called Strike 0-1: Ball 1-1: Foul Ball, location: 2F 1-2: Ball 2-2: Foul Ball, location: 2F 2-2: Ball 3-2: Base on Balls
|
Batting: SHB Jeff Chambers
|
0-0: Foul Ball, location: 2F 0-1: Ball 1-1: Foul Ball, location: 2F 1-2: Ball 2-2: Ball 3-2: Foul Ball, location: 2F 3-2: Base on Balls António Chávez to second
|
Batting: RHB Eugenio Maldonado
|
0-0: Swinging Strike 0-1: Ball 1-1: Ball 2-1: Grounds into double play, 5-4-3 (Groundball, 56) Jesús Ramos scores António Chávez to third
|
Pitching: LHP Orlando Díaz
|
|
Batting: RHB Herb Bunch
|
0-0: Called Strike 0-1: Swinging Strike 0-2: Ball 1-2: SINGLE (Flyball, 89M) António Chávez scores
|
Batting: LHB Orlando Hernández
|
0-0: Ball 1-0: Ball 2-0: Ball 3-0: Called Strike 3-1: Foul Ball, location: 2F 3-2: Fly out, F7 (Flyball, 7)
|
Bottom of the 3rd over - 3 runs, 2 hits, 0 errors, 1 left on base; Richmond 0 - Amarillo 6 |
TOP OF THE 4TH |
Richmond Flairs batting - Pitching for Amarillo Archdukes : RHP Robinson Alomar
|
Batting: RHB Jack Ray
|
0-0: SINGLE (Flyball, 89S)
|
Batting: LHB Luis Villa
|
0-0: Foul Ball, location: 2F 0-1: Ball 1-1: Ball 2-1: Foul Ball, location: 2F 2-2: Ball 3-2: Foul Ball, location: 2F 3-2: Base on Balls Jack Ray to second
|
Batting: LHB Sean Nicks
|
0-0: Called Strike 0-1: Foul Ball, location: 2F 0-2: Strikes out swinging
|
Batting: LHB Roland Jones
|
0-0: SINGLE (Groundball, 4D) Jack Ray to third Luis Villa to second Runner from 3rd tries for Home, SAFE, throw made home
|
Batting: RHB Miguel Hernández
|
0-0: Ball 1-0: Called Strike 1-1: Ball 2-1: Swinging Strike 2-2: Foul Ball, location: 2F 2-2: Foul Ball, location: 2F 2-2: Strikes out swinging
|
Batting: LHB R.J. Courtney
|
0-0: SINGLE (Flyball, 5D) Luis Villa to third Roland Jones to second Runner from 3rd tries for Home, SAFE, no throw
|
Batting: RHB Christian Hudson
|
0-0: Swinging Strike 0-1: Fielders Choice at 2nd, 5-4 (Groundball, 5)
|
Top of the 4th over - 2 runs, 3 hits, 0 errors, 2 left on base; Richmond 2 - Amarillo 6 |
BOTTOM OF THE 4TH |
Amarillo Archdukes batting - Pitching for Richmond Flairs : LHP Orlando Díaz
|
Batting: LHB Earl Wigfall
|
0-0: Foul Ball, location: 2F 0-1: Foul Ball, location: 2F 0-2: Ball 1-2: Fly out, F7 (Flyball, 7D)
|
Batting: RHB Fernando Castellanos
|
0-0: Ball 1-0: SINGLE (Groundball, 4MD)
|
Batting: LHB Brian Easdale
|
0-0: Called Strike 0-1: Swinging Strike 0-2: Foul Ball, location: 2F 0-2: Strikes out swinging
|
Batting: RHB Jesús Ramos
|
0-0: Ball 1-0: Ball 2-0: Foul Ball, location: 2F 2-1: Ball 3-1: Ground out 5-3 (Groundball, 56S)
|
Bottom of the 4th over - 0 runs, 1 hit, 0 errors, 1 left on base; Richmond 2 - Amarillo 6 |
TOP OF THE 5TH |
Richmond Flairs batting - Pitching for Amarillo Archdukes : RHP Robinson Alomar
|
Batting: SHB Carlos Reyes
|
0-0: Foul Ball, location: 2F 0-1: Swinging Strike 0-2: Ball 1-2: Fly out, F9 (Flyball, 9S)
|
Batting: RHB Lonson Seals
|
0-0: Ball 1-0: Fly out, F4 (Popup, 4S)
|
Batting: RHB Jack Ray
|
0-0: Ball 1-0: Foul Ball, location: 2F 1-1: Ball 2-1: Swinging Strike 2-2: Strikes out swinging
|
Top of the 5th over - 0 runs, 0 hits, 0 errors, 0 left on base; Richmond 2 - Amarillo 6 |
BOTTOM OF THE 5TH |
Amarillo Archdukes batting - Pitching for Richmond Flairs : LHP Orlando Díaz
|
Batting: LHB António Chávez
|
0-0: Swinging Strike 0-1: Ball 1-1: Ball 2-1: Foul Ball, location: 2F 2-2: Strikes out looking
|
Batting: SHB Jeff Chambers
|
0-0: Ball 1-0: Ball 2-0: Called Strike 2-1: Ball 3-1: Swinging Strike 3-2: Base on Balls
|
Batting: RHB Eugenio Maldonado
|
0-0: Ball 1-0: Ball 2-0: Ball 3-0: Called Strike 3-1: Called Strike 3-2: Strikes out swinging Jeff Chambers is caught stealing 2nd base Batter strikes out.
|
Bottom of the 5th over - 0 runs, 0 hits, 0 errors, 0 left on base; Richmond 2 - Amarillo 6 |
TOP OF THE 6TH |
Richmond Flairs batting - Pitching for Amarillo Archdukes : RHP Robinson Alomar
|
Batting: LHB Luis Villa
|
0-0: Swinging Strike 0-1: Ball 1-1: Swinging Strike 1-2: Strikes out swinging
|
Batting: LHB Sean Nicks
|
0-0: Called Strike 0-1: SINGLE (Line Drive, 89M)
|
Batting: LHB Roland Jones
|
0-0: Called Strike 0-1: Ball 1-1: Foul Ball, location: 2F 1-2: Ball 2-2: Ball 3-2: Foul Ball, location: 2F 3-2: Foul Ball, location: 2F 3-2: Strikes out swinging
|
Batting: RHB Miguel Hernández
|
0-0: Ball 1-0: Ball 2-0: Foul Ball, location: 2F 2-1: Foul Ball, location: 2F 2-2: SINGLE (Line Drive, 78S) Sean Nicks to second
|
Pitching: RHP Ignacio Beltrán
|
|
Batting: LHB R.J. Courtney
|
0-0: Ball 1-0: Ball 2-0: Foul Ball, location: 2F 2-1: Ball 3-1: Swinging Strike 3-2: Foul Ball, location: 2F 3-2: Base on Balls Sean Nicks to third Miguel Hernández to second
|
Batting: RHB Christian Hudson
|
0-0: Called Strike 0-1: Foul Ball, location: 2F 0-2: SINGLE (Line Drive, 4D) Sean Nicks scores Miguel Hernández to third R.J. Courtney to second Runner from 3rd tries for Home, SAFE, no throw
|
Batting: SHB Carlos Reyes
|
0-0: Ground out 3-1 (Groundball, 34)
|
Top of the 6th over - 2 runs, 3 hits, 0 errors, 2 left on base; Richmond 4 - Amarillo 6 |
BOTTOM OF THE 6TH |
Amarillo Archdukes batting - Pitching for Richmond Flairs : LHP Orlando Díaz
|
Batting: RHB Herb Bunch
|
0-0: Ball 1-0: Ball 2-0: Ball 3-0: Base on Balls
|
Batting: LHB Orlando Hernández
|
0-0: Ball 1-0: Ball 2-0: Grounds out, U3 (Groundball, 3L)
|
Batting: LHB Earl Wigfall
|
0-0: Ball 1-0: Fly out, F5 (Flyball, 56D)
|
Batting: RHB Fernando Castellanos
|
0-0: Fly out, F9 (Flyball, 9S)
|
Bottom of the 6th over - 0 runs, 0 hits, 0 errors, 1 left on base; Richmond 4 - Amarillo 6 |
TOP OF THE 7TH |
Richmond Flairs batting - Pitching for Amarillo Archdukes : RHP Ignacio Beltrán
|
Batting: RHB Lonson Seals
|
0-0: Ground out 4-3 (Groundball, 4)
|
Batting: RHB Jack Ray
|
0-0: Called Strike 0-1: Foul Ball, location: 2F 0-2: Ball 1-2: Ball 2-2: Ball 3-2: Foul Ball, location: 2F 3-2: Foul Ball, location: 2F 3-2: Strikes out swinging
|
Batting: LHB Luis Villa
|
0-0: Swinging Strike 0-1: Foul Ball, location: 2F 0-2: Foul Ball, location: 2F 0-2: DOUBLE (Line Drive, 9LM)
|
Batting: LHB Sean Nicks
|
0-0: Ball 1-0: Ball 2-0: Swinging Strike 2-1: Called Strike 2-2: Ball 3-2: Foul Ball, location: 2F 3-2: Foul Ball, location: 2F 3-2: Foul Ball, location: 2F 3-2: Base on Balls
|
Batting: LHB Roland Jones
|
0-0: Foul Ball, location: 2F 0-1: Foul Ball, location: 2F 0-2: Ball 1-2: Fielders Choice at 2nd, U4 (Groundball, 4M)
|
Top of the 7th over - 0 runs, 1 hit, 0 errors, 2 left on base; Richmond 4 - Amarillo 6 |
BOTTOM OF THE 7TH |
Amarillo Archdukes batting - Pitching for Richmond Flairs : LHP Orlando Díaz
|
Batting: LHB Brian Easdale
|
0-0: Called Strike 0-1: Foul Ball, location: 2F 0-2: Fly out, F3 (Line Drive, 34)
|
Batting: RHB Jesús Ramos
|
0-0: Ball 1-0: Fly out, F9 (Line Drive, 9LM)
|
Pitching: RHP Brendan Green
|
|
Batting: LHB António Chávez
|
0-0: Ball 1-0: Ball 2-0: Ball 3-0: Base on Balls
|
Batting: SHB Jeff Chambers
|
0-0: Called Strike 0-1: Ball 1-1: Ball 2-1: Ball 3-1: Base on Balls António Chávez to second
|
Batting: RHB Eugenio Maldonado
|
0-0: Ball 1-0: Fly out, F7 (Flyball, 78M)
|
Bottom of the 7th over - 0 runs, 0 hits, 0 errors, 2 left on base; Richmond 4 - Amarillo 6 |
TOP OF THE 8TH |
Richmond Flairs batting - Pitching for Amarillo Archdukes : RHP Ignacio Beltrán
|
Batting: RHB Miguel Hernández
|
0-0: Ball 1-0: Ground out 6-3 (Groundball, 6S)
|
Batting: LHB R.J. Courtney
|
0-0: Ball 1-0: Swinging Strike 1-1: Called Strike 1-2: Strikes out looking
|
Batting: RHB Christian Hudson
|
0-0: Called Strike 0-1: Ball 1-1: Ball 2-1: Ball 3-1: Foul Ball, location: 2F 3-2: Base on Balls
|
Pitching: LHP Christiano Gomes
|
|
Batting: SHB Carlos Reyes
|
0-0: Foul Ball, location: 2F 0-1: Swinging Strike 0-2: Ball 1-2: Foul Ball, location: 2F 1-2: Ball 2-2: Strikes out swinging
|
Top of the 8th over - 0 runs, 0 hits, 0 errors, 1 left on base; Richmond 4 - Amarillo 6 |
BOTTOM OF THE 8TH |
Amarillo Archdukes batting - Pitching for Richmond Flairs : RHP Brendan Green
|
Batting: RHB Herb Bunch
|
0-0: Ball 1-0: Ball 2-0: Foul Ball, location: 2F 2-1: Foul Ball, location: 2F 2-2: Ball 3-2: Ground out U3 (Groundball, 3)
|
Batting: LHB Orlando Hernández
|
0-0: Foul Ball, location: 2F 0-1: Swinging Strike 0-2: Ball 1-2: Strikes out swinging
|
Batting: LHB Earl Wigfall
|
0-0: Ball 1-0: Ball 2-0: Ball 3-0: Called Strike 3-1: Ground out 6-3 (Groundball, 6)
|
Bottom of the 8th over - 0 runs, 0 hits, 0 errors, 0 left on base; Richmond 4 - Amarillo 6 |
TOP OF THE 9TH |
Richmond Flairs batting - Pitching for Amarillo Archdukes : LHP Christiano Gomes
|
Batting: RHB Lonson Seals
|
0-0: Called Strike 0-1: Ball 1-1: Ball 2-1: SINGLE (Line Drive, 7S)
|
Batting: RHB Jack Ray
|
0-0: Ball 1-0: Foul Ball, location: 2F 1-1: Ball 2-1: Ball 3-1: Fly out, F4 (Line Drive, 4)
|
Batting: LHB Luis Villa
|
0-0: Ball 1-0: Called Strike 1-1: Called Strike 1-2: Ball 2-2: SINGLE (Groundball, 15S) (infield hit) Lonson Seals to second
|
Pinch Hitting: RHB R.J. Crosby
|
0-0: Called Strike 0-1: Ball 1-1: Foul Ball, location: 2F 1-2: Foul Ball, location: 2F 1-2: Ball 2-2: Foul Ball, location: 2F 2-2: Ball 3-2: Base on Balls Lonson Seals to third Luis Villa to second
|
Pinch Hitting: RHB Liangde Que
|
0-0: Fly out, F5 (Line Drive, 5)
|
Batting: RHB Miguel Hernández
|
0-0: Ball 1-0: Ground out 4-3 (Groundball, 34)
|
Top of the 9th over - 0 runs, 2 hits, 0 errors, 3 left on base; Richmond 4 - Amarillo 6 |
|